 Dungeon Crawl Stone Soup version 0.26.1-11-gd32895ea62 (webtiles) character file.

Game seed: 18381577227669803411

368 Almogavar the Shield-Bearer (level 6, -1/39 HPs)
             Began as a Gargoyle Fighter on Apr 16, 2021.
             Killed by nerve-wracking pain
             ... invoked by an orc priest
              (7 damage)
             ... on level 3 of the Dungeon.
             The game lasted 00:04:02 (1799 turns).

Almogavar the Shield-Bearer (Gargoyle Fighter)      Turns: 1799, Time: 00:04:03

Health: -1/39      AC: 12    Str: 22    XL:     6   Next: 69%
Magic:  6/6        EV:  8    Int:  8    God:
Gold:   83         SH: 10    Dex:  9    Spells: 5/5 levels left

rFire    . . .     SeeInvis .   a - +0 flail
rCold    . . .     Faith    .   c - +0 kite shield
rNeg     + . .     Spirit   .   b - +0 scale mail
rPois    ∞         Reflect  .   (no helmet)
rElec    +         Harm     .   i - +0 cloak
rCorr    .         Rampage  .   (no gloves)
Will     .....                  (no boots)
Stlth    ..........             (no amulet)
HPRegen  0.13/turn              (no ring)
MPRegen  0.10/turn              (no ring)

@: hasted, very quick
A: negative energy resistance 1, electricity resistance, unbreathing,
petrification resistance, miasma immunity, AC +4
a: no special abilities


You were on level 3 of the Dungeon.
You visited 1 branch of the dungeon, and saw 3 of its levels.

You collected 83 gold pieces.

Inventory:

Hand Weapons
 a - a +0 flail (weapon)
Armour
 b - a +0 scale mail (worn)
 c - a +0 kite shield (worn)
 i - a +0 cloak (worn)
Scrolls
 e - 5 scrolls of teleportation
 g - a scroll of fear {unknown}
 h - 2 scrolls of magic mapping
 j - 2 scrolls of blinking
 k - a scroll of enchant weapon {unknown}
 m - a scroll of enchant armour {unknown}
Potions
 d - a potion of might
 l - 2 potions of haste
 n - a potion of flight {unknown}
 o - 2 potions of curing {unknown}


   Skills:
 + Level 4.4 Fighting
 + Level 4.1 Maces & Flails
 + Level 4.3 Armour
 + Level 1.2 Dodging
 + Level 0.2 Stealth
 + Level 5.0 Shields


You had 5 spell levels left.
You didn't know any spells.
Your spell library was empty.

Dungeon Overview and Level Annotations

Branches:
Dungeon (3/15)

Altars:
Nemelex Xobeh
Ru


Innate Abilities, Weirdness & Mutations

You are resistant to torment.
Your stone body is resilient. (AC +4)
You are immune to poison.
You resist negative energy. (rN+)
You are resistant to electric shocks. (rElec)
You can survive without breathing.
You are immune to petrification.
You are immune to miasma.


Message History

You thump the orc priest!
You kill the orc priest!
You block the orc priest's attack.
Your Shields skill increases to level 5!
Items here: ) [ ††.
You closely miss the orc priest. You block the orc priest's attack.
You barely miss the orc priest.
The orc priest hits you but does no damage.
You closely miss the orc priest. You closely miss the orc priest.
You block the orc priest's attack.
You sock the orc priest!
The orc priest is almost dead.
The orc priest invokes the aid of Beogh against you.
Pain shoots through your body!
* * * LOW HITPOINT WARNING * * *
You barely miss the orc priest.
The orc priest is almost dead.
The orc priest mumbles some strange prayers to Beogh against you.
Pain shoots through your body!
You die...

#..#... #.# ##.#...
#.# #....# #.# ##....
#.# #..#. #.# #..#.
#.# ##.## #o#
##########≈ #@#
#≈≈........ #.#
.##≈_.≈.≈.≈.≈
#.###.#....#≈≈........
#.#.......###########≈
#.#.#.....# #.# #..
#.#.#########.# #..
#.#.# #.......# #..
#.#†# #.####..# #..
#.#.###.# #..#######.


You could see an orc priest.

Vanquished Creatures
  Sigmund (D:2)
  An orc priest (D:3)
  2 orc wizards (D:3)
  Jessica (D:2)
  3 adders
  2 oozes
  3 worms
  A dart slug (D:2)
  2 leopard geckos
  3 orcs (D:3)
  4 bats
  3 giant cockroaches (D:2)
  10 goblins
  4 hobgoblins
  3 jackals (D:3)
  A quokka (D:2)
  A ball python (D:3)
  7 kobolds
  3 rats
55 creatures vanquished.

Notes
Turn   | Place    | Note
-------+----------+-------------------------------------------
     0 | D:1      | Almogavar the Gargoyle Fighter began the quest for the Orb.
     0 | D:1      | Reached XP level 1. HP: 14/14 MP: 1/1
   152 | D:1      | Reached XP level 2. HP: 19/19 MP: 2/2
   705 | D:2      | Noticed Sigmund
   714 | D:2      | Killed Sigmund
   715 | D:2      | Reached skill level 4 in Shields
   715 | D:2      | Reached XP level 3. HP: 22/24 MP: 3/3
   715 | D:2      | Reached XP level 4. HP: 27/29 MP: 4/4
   715 | D:2      | Reached XP level 5. HP: 30/33 MP: 5/5
   905 | D:2      | Found a sacrificial altar of Ru.
   996 | D:2      | Found a sparkling altar of Nemelex Xobeh.
  1207 | D:2      | Noticed Jessica
  1212 | D:2      | Killed Jessica
  1213 | D:2      | Reached XP level 6. HP: 39/39 MP: 6/6
  1482 | D:3      | Reached skill level 1 in Dodging
  1718 | D:3      | Found a sacrificial altar of Ru.
  1793 | D:3      | Reached skill level 5 in Shields
  1799 | D:3      | Killed from afar by an orc priest

Illustrated notes

Levels and vault maps discovered:
D:1:      lightli_arrival_statuegarden, layout_rooms
D:2:      layout_basic, general_overflow_altar, nicolae_overflow_hidden_temple,
          kennysheep_jessica_study, uniq_sigmund
D:3:      layout_basic, st_stairs_9, nicolae_ru_path_of_blood

Skill      XL: |  1  2  3  4  5  6 |
---------------+-------------------+-----
Fighting       | 4 |  4.4
Maces & Flails | 3 4 |  4.1
Armour         | 4 |  4.3
Shields        | 4 5 |  5.0
Dodging        | 1 |  1.2
Stealth        | |  0.2

Action                   |  1- 3 |  4- 6 || total
-------------------------+-------+-------++-------
Melee: Flail             |    44 |   153 ||   197
  Use: Scroll            |     3 |       ||     3
       Potion            |       |     2 ||     2
Armor: Scale mail        |    30 |   101 ||   131
Dodge: Dodged            |    16 |    59 ||    75
Block: Kite shield       |    22 |    86 ||   108
